 Dungeon Crawl Stone Soup version 0.25.0-15-gac7dcb8919 (webtiles) character file.

Game seed: 9590529086872930637

83 grindst0ne the Chopper (level 4, -3/36 HPs)
             Began as a Human Chaos Knight on June 29, 2020.
             Was a Plaything of Xom.
             Slain by an iron imp (4 damage)
             ... summoned by Xom
             ... on level 2 of the Dungeon.
             The game lasted 00:02:17 (2210 turns).

grindst0ne the Chopper (Human Chaos Knight)         Turns: 2210, Time: 00:02:18

Health: -3/36      AC:  6    Str: 14    XL:     4   Next: 71%
Magic:  4/4        EV: 12    Int: 12    God:    Xom [*.....]
Gold:   34         SH:  0    Dex: 12    Spells: 3/3 levels left

rFire    . . .     SeeInvis .   g - +0 short sword (venom)
rCold    . . .     Gourm    .   (no shield)
rNeg     . . .     Faith    .   b - +2 leather armour
rPois    .         Spirit   .   j - +1 hat
rElec    .         Reflect  .   (no cloak)
rCorr    .         Harm     .   (no gloves)
MR       .....     Rnd*Tele +   (no boots)
Stlth    +.........             (no amulet)
HPRegen  0.12/turn              o - ring of teleportation (curse)
MPRegen  0.09/turn              (no ring)

@: no status effects
A: no striking features
a: Renounce Religion


You were on level 2 of the Dungeon.
You worshipped Xom.
You were a special plaything of Xom.
You were not hungry.

You visited 1 branch of the dungeon, and saw 2 of its levels.

You collected 34 gold pieces.

Inventory:

Hand Weapons
 a - a +0 hand axe of chaos
 g - a +0 short sword of venom (weapon)
Missiles
 n - 7 poisoned darts (quivered)
Armour
 b - a +2 leather armour (worn)
 j - a +1 hat (worn)
Jewellery
 o - a cursed ring of teleportation (left hand)
Scrolls
 e - 2 scrolls of teleportation {unknown}
 f - 3 scrolls of magic mapping {unknown}
 l - a scroll of enchant armour {unknown}
 m - a scroll of immolation {unknown}
 q - a scroll of amnesia {unknown}
Potions
 d - a potion of ambrosia {unknown}
 h - 3 potions of curing {unknown}
 i - 2 potions of stabbing {unknown}
 p - a potion of flight {unknown}
Comestibles
 c - 7 rations
 k - a chunk of flesh


   Skills:
 + Level 3.6 Fighting
 + Level 3.6 Axes
 + Level 2.8 Armour
 + Level 2.1 Dodging


You had 3 spell levels left.
You didn't know any spells.
Your spell library was empty.

Dungeon Overview and Level Annotations

Branches:
Dungeon (2/15)

Altars:
Fedhas
Yredelemnul


Message History

You are too injured to fight recklessly!
You are too injured to fight recklessly!
You are too injured to fight recklessly!
You are too injured to fight recklessly!
You are too injured to fight recklessly!
You are too injured to fight recklessly!
You are too injured to fight recklessly!
You are too injured to fight recklessly!
You hit the iron imp but do no damage.
The iron imp hits you but does no damage.
The iron imp hits you.
* * * LOW HITPOINT WARNING * * *
You barely miss the iron imp. The iron imp closely misses you.
The iron imp hits you!
* * * LOW HITPOINT WARNING * * *
You emit a cloud of colourful smoke!
You hit the iron imp.
The iron imp is moderately wounded.
The iron imp hits you.
You die...

♣ ♣ #.# ♣
#.# ♣♣ #.#
.♣ #.# .#
#§# ## #§#
# #5# # #@#
# #5# #5#
###########
#§#
..........#
#.#
########.##
#.# #.# #.#
#.# #.# #.#
#.#


You could see 3 iron imps.

Vanquished Creatures
  3 adders (D:2)
  2 dart slugs
  5 leopard geckos
  6 bats
  A giant cockroach (D:1)
  6 goblins
  4 hobgoblins
  2 jackals (D:2)
  A quokka (D:2)
  5 frilled lizards
  7 kobolds
  6 rats
  2 toadstools (D:1)
50 creatures vanquished.

Vanquished Creatures (collateral kills)
  A leopard gecko (D:2)
  A giant cockroach (D:2)
2 creatures vanquished.

Vanquished Creatures (others)
  2 toadstools (D:1)
2 creatures vanquished.

Grand Total: 54 creatures vanquished

Notes
Turn   | Place    | Note
-------+----------+-------------------------------------------
     0 | D:1      | grindst0ne the Human Chaos Knight began the quest for the
                  | Orb.
     0 | D:1      | Reached XP level 1. HP: 18/18 MP: 1/1
   284 | D:1      | Reached XP level 2. HP: 20/24 MP: 2/2
   558 | D:1      | XOM: divination: detect creatures
   631 | D:1      | XOM: blink monster(s)
   783 | D:1      | Reached XP level 3. HP: 29/29 MP: 3/3
   893 | D:1      | XOM: silly message
  1252 | D:2      | XOM is BORED!
  1252 | D:2      | XOM: 1-stop teleportation journey
  1273 | D:2      | XOM: swap monsters
  1291 | D:2      | Reached XP level 4. HP: 21/35 MP: 4/4
  1666 | D:2      | XOM: summons 3 hostile shadow creatures
  2017 | D:2      | Found a blossoming altar of Fedhas.
  2068 | D:2      | Found a basalt altar of Yredelemnul.
  2202 | D:2      | XOM: summons 3 hostile demons
  2209 | D:2      | HP: 1/36 [iron imp[Xom] (9)]
  2209 | D:2      | XOM: smoke on damage
  2210 | D:2      | Slain by an iron imp

Illustrated notes

Levels and vault maps discovered:
D:1:      ldierk_water_garden, layout_loops_cross
D:2:      layout_basic, yredelemnul_altar_generic, fedhas_altar_4,
          uniq_crazy_yiuf_cottage

Skill      XL: |  1  2  3  4 |
---------------+-------------+-----
Dodging        | 2 |  2.1
Fighting       | |  3.6
Axes           | |  3.6
Armour         | |  2.8

Action                   |  1- 3 |  4- 6 || total
-------------------------+-------+-------++-------
Melee: Hand axe          |    12 |       ||    12
       Short sword       |    83 |    73 ||   156
  Eat: Chunk             |     1 |     3 ||     4
Armor: Leather armour    |    54 |    33 ||    87
Dodge: Dodged            |    76 |    89 ||   165
